 Dungeon Crawl Stone Soup version 0.30.1-3-gfc49f6343a (webtiles) character file.

Game seed: 3076334698644764342

70 CaptainMV the Charlatan (level 4, -1/31 HPs)
             Began as a Demonspawn Wanderer on July 18, 2023.
             Slain by a gnoll
             ... wielding a +0 club
              (6 damage)
             ... on level 2 of the Dungeon.
             The game lasted 00:10:27 (1203 turns).

CaptainMV the Charlatan (Demonspawn Wanderer)       Turns: 1203, Time: 00:10:28

Health: -1/31      AC:  4    Str: 14    XL:     4   Next: 4%
Magic:  5/5        EV: 12    Int: 15    God:
Gold:   93         SH:  0    Dex: 11    Spells: 4/5 levels left

rFire   + . .        b - staff of fire
rCold   . . .        (no shield)
rNeg    . . .        o - +1 robe {Will+}
rPois   .            (no helmet)
rElec   .            (no cloak)
rCorr   .            n - +0 pair of gloves
SInv    .            (no boots)
Will    +....        (no amulet)
Stlth   +            h - ring of flight
HPRegen 0.25/turn    (no ring)
MPRegen 0.09/turn

%: no passive effects
@: flying
A: demonic guardian 1, demonic touch 1
a: no special abilities


You were on level 2 of the Dungeon.
You visited 1 branch of the dungeon, and saw 2 of its levels.

You collected 93 gold pieces.

Inventory:

Hand Weapons
 a - a +0 hand axe
Missiles
 i - 2 poisoned darts (quivered)
Armour
 d - a +0 robe
 n - a +0 pair of gloves (worn)
 o - a +1 robe of willpower (worn)
Magical Staves
 b - a staff of fire (weapon)
Jewellery
 h - a ring of flight (left hand)
 l - an amulet of faith
Wands
 e - a wand of charming (9)
Scrolls
 c - a scroll of silence
 j - a scroll of vulnerability
 k - 2 scrolls of blinking
 m - a scroll of enchant weapon {unknown}
Potions
 g - a potion of curing {unknown}
 p - a potion of flight {unknown}
 q - a potion of lignification {unknown}


   Skills:
 + Level 0.6 Fighting
 + Level 1.4 Axes
 + Level 0.3 Staves
 + Level 1.6 Dodging
 + Level 0.1 Stealth
 + Level 1.3 Spellcasting
 + Level 2.8 Translocations
 + Level 5.4 Evocations


You had 4 spell levels left.
You knew the following spells:

 Your Spells              Type           Power      Damage    Failure   Level
a - Apportation           Tloc           18%        N/A       8%          1

Your spell library contained the following spells:

 Spells                   Type           Power      Damage    Failure   Level
 Teleport Other           Tloc           9%         N/A       22%         3
 Anguish                  Hex/Necr       0%         N/A       94%         4
 Cause Fear               Hex            0%         N/A       94%         4
 Enfeeble                 Hex            0%         N/A       100%        7


Dungeon Overview and Level Annotations

Branches:
Dungeon (2/15)

Altars:


Innate Abilities, Weirdness & Mutations

A weak demonic guardian rushes to your aid.
Your touch may inflict minor irresistible damage on your foes.


Message History

You feel clever.
Your white imp misses the ball python.
Your white imp hits the ball python.
The ball python dies!
You see here a ball python corpse.
Things that are here:
a +0 spear; a gnoll corpse You start resting.
Your white imp disappears in a puff of smoke!
A gnoll comes into view. It is wielding a +0 club.
Things that are here:
a +0 spear; a gnoll corpse You start resting.
A gnoll is nearby!
The gnoll shouts!
You see here a ball python corpse.
The gnoll attacks as you move away! The gnoll hits you with a +0 club.
You hit the gnoll.
The gnoll is lightly wounded.
The gnoll completely misses you.
You hit the gnoll. Your touch misses the gnoll.
The gnoll is heavily wounded.
The gnoll hits you with a +0 club.
You barely miss the gnoll.
The gnoll is heavily wounded.
The gnoll hits you with a +0 club.
You barely miss the gnoll.
The gnoll is heavily wounded.
The gnoll hits you with a +0 club!
* * * LOW HITPOINT WARNING * * *
A demonic guardian appears!
You closely miss the gnoll.
The gnoll is heavily wounded.
The gnoll barely misses you.
Your shadow imp gestures at the gnoll.
The gnoll barely resists.
You barely miss the gnoll.
The gnoll is heavily wounded.
The gnoll hits you with a +0 club.
You die...

#.#....#
##.#######.####.#
.......>...# #.#
#######.##.# #.#
#....<....####.#
#.#.......##§..#
###.#..#.##.##.### #
#...#.....5.##.#
#####.# #......g@..#
##....######.#######
...).)..# #.#
..)..†..# #.#
........# #.#
........# #.#
........# #.#
........# #.#
........# #.#


You could see a gnoll (ally target) and a friendly shadow imp (summoned).

Vanquished Creatures
  3 gnolls
  3 ball pythons
  2 bats (D:1)
  2 endoplasms
  3 giant cockroaches
  A hobgoblin (D:2)
  3 quokkas (D:1)
  5 kobolds
  4 rats
26 creatures vanquished.

Vanquished Creatures (collateral kills)
  A gnoll (D:2)
  A bat (D:2)
  A ball python (D:2)
3 creatures vanquished.

Grand Total: 29 creatures vanquished

Notes
Turn   | Place    | Note
-------+----------+-------------------------------------------
     0 | D:1      | CaptainMV the Demonspawn Wanderer began the quest for the
                  | Orb.
     0 | D:1      | CaptainMV set off with the following items: a +0 club, a +0
                  | pair of gloves, a scroll of silence, a +0 robe, a wand of
                  | charming (9); and the following spell memorised:
                  | Apportation; and the following spells available to
                  | memorise: Teleport Other.
     0 | D:1      | Reached XP level 1. HP: 13/13 MP: 2/2
   354 | D:1      | Gained mutation: A weak demonic guardian rushes to your
                  | aid. [demonic ancestry]
   354 | D:1      | Reached XP level 2. HP: 9/19 MP: 3/3
   858 | D:2      | Gained mutation: Your touch may inflict minor irresistible
                  | damage on your foes. [demonic ancestry]
   858 | D:2      | Reached XP level 3. HP: 16/24 MP: 4/4
  1003 | D:2      | Reached skill level 1 in Axes
  1124 | D:2      | Reached XP level 4. HP: 3/31 MP: 5/5
  1203 | D:2      | Slain by a gnoll

Illustrated notes

Levels and vault maps discovered:
D:1:      psy_arrival_dodecagon, layout_basic, chequers_serial_rivers_marsh,
          chequers_serial_rivers_micro_e, kennysheep_nondescript
D:2:      layout_basic

Skill      XL: |  1  2  3 |
---------------+----------+-----
Axes           | 1 |  1.4
Fighting       | |  0.6
Staves         | |  0.3
Dodging        | |  1.6
Stealth        | |  0.1
Spellcasting   | |  1.3
Translocations | |  2.8
Evocations     | |  5.4

Action                     |  1- 3 |  4- 6 || total
---------------------------+-------+-------++-------
  Melee: Hand axe          |    54 |       ||    54
         Club              |    12 |       ||    12
         Staff             |    25 |     6 ||    31
         Touch             |     5 |       ||     5
   Cast: Apportation       |    11 |       ||    11
    Use: Scroll            |     2 |       ||     2
 Armour: Robe              |    40 |       ||    40
  Dodge: Dodged            |    74 |     2 ||    76
